Map: Persephone LE

Players

RiVeN

  • Race: Protoss Protoss
  • League: Grandmaster
  • Spawn Location: 11:00

Vindicta - Winner!

  • Race: Terran Terran
  • League: Master
  • Spawn Location: 7:00

VOD

Have the link to the VOD?

Description

Time

  • Played on: April 29, 2025, 7:34 p.m.
  • Length: 9:56
Show
View Real Time Build Order
Export as new Build Order

RiVeN Protoss 

Build Orders: 1 Gate Expand, Colossus Rush 

Get SALT Encoding   

  12  0:00  Probe  
  13  0:12  Probe  
  14  0:17  Pylon  
  14  0:24  Probe  
  15  0:32  Probe  
  15  0:36  Gateway  
  15  0:40  Probe  
  16  0:46  Assimilator  
  17  0:51  Probe  
  18  1:03  Probe  
  19  1:16  Zealot  
  19  1:19  Nexus  
  21  1:34  Cybernetics Core  
  21  1:42  Pylon  
  21  1:51  Assimilator  
  21  1:52  Probe  
  22  2:02  Adept  
  22  2:04  Probe  
  23  2:11  Warp Gate  
  25  2:16  Probe  
  26  2:24  Pylon  
  26  2:28  Probe  
  27  2:40  Probe  
  28  2:46  Robotics Facility  
  28  2:50  Probe  
  26  2:52  Stalker, Probe  
  30  2:59  Probe  
  30  3:00  Shield Battery  
  30  3:04  Probe  
  32  3:07  Probe  
  33  3:17  Probe  
  33  3:18  Probe  
  35  3:28  Observer  
  35  3:29  Probe  
  35  3:30  Probe  
  35  3:33  Robotics Bay  
  37  3:40  Immortal  
  37  3:41  Pylon, Probe  
  39  3:42  Probe  
  40  3:49  Assimilator  
  40  3:50  Pylon  
  40  3:53  Probe  
  45  3:56  Pylon, Probe  
  45  4:00  Adept  
  48  4:05  Probe  
  48  4:08  Probe  
  50  4:17  Colossus, Probe  
  50  4:20  Probe  
  50  4:22  Zealot  
  60  4:35  Probe x2  
  60  4:38  Forge  
  62  4:42  Sentry  
  62  4:45  Gateway  
  64  4:46  Gateway  
  64  4:49  Probe  
  64  4:52  Assimilator  
  65  5:06  Sentry  
  62  5:14  Immortal  
  50  5:29  Stalker  
  50  5:35  Protoss Ground Weapons Level 1  
  46  5:39  Colossus  
  46  5:41  Zealot x2  
  47  5:47  Probe x2  
  49  5:51  Gateway  
  49  5:53  Stalker, Gateway  
  49  5:56  Stalker  
  57  5:59  Probe x2  
  57  6:11  Probe  
  57  6:14  Stalker  
  57  6:17  Observer  
  60  6:20  Sentry, Observer  
  60  6:21  Sentry  
  60  6:22  Nexus  
  60  6:23  Immortal  
  60  6:24  Pylon  
  64  6:25  Probe  
  64  6:26  Probe  
  66  6:38  Probe  
  71  6:42  Stalker  
  71  6:44  Stalker  
  71  6:47  Stalker  
  77  6:50  Probe x2  
  77  6:52  Stalker  
  81  6:59  Stalker  
  83  7:01  Gateway  
  83  7:08  Stalker  
  85  7:21  Probe  
  86  7:26  Pylon  
  86  7:27  Pylon  
  92  7:43  Sentry  
  92  7:47  Colossus  
  77  7:55  Gateway  
  77  7:56  Gateway  
  76  8:03  Zealot x2  
  80  8:07  Probe x2  
  74  8:14  Pylon x2  
  74  8:18  Pylon  
  67  8:23  Zealot x2  
  71  8:31  Probe x3  
  68  8:35  Stalker  
  68  8:36  Stalker  
  68  8:43  Probe x2  
  68  8:47  Stalker  
  72  8:51  Sentry x2  
  72  9:15  Stalker x2  
  72  9:19  Probe  
  70  9:26  Probe  
  70  9:29  Probe  
  66  9:31  Probe  
  66  9:35  Probe  
  66  9:41  Probe  
Show
View Real Time Build Order
Export as new Build Order

Vindicta Terran - Winner!

Build Orders:  

Get SALT Encoding   

  12  0:00  SCV  
  13  0:12  SCV  
  14  0:17  Supply Depot  
  14  0:24  SCV  
  15  0:38  SCV  
  15  0:40  Barracks  
  16  0:46  Refinery  
  16  0:50  SCV  
  17  1:03  SCV  
  18  1:15  SCV  
  19  1:28  Orbital Command  
  19  1:29  Marine  
  20  1:41  Command Center  
  20  1:49  Barracks Reactor  
  20  1:54  SCV  
  21  1:56  Supply Depot  
  21  2:06  SCV  
  22  2:08  Barracks  
  22  2:18  SCV  
  22  2:19  Barracks  
  23  2:27  Marine x2  
  25  2:30  SCV  
  25  2:42  SCV  
  26  2:45  Marine x2  
  28  2:54  SCV  
  28  2:58  Barracks Tech Lab  
  29  2:59  Orbital Command  
  29  3:02  Marine  
  29  3:03  Marine  
  31  3:06  Barracks Tech Lab, SCV  
  32  3:18  SCV  
  33  3:20  Marauder  
  33  3:22  Concussive Shells  
  33  3:24  Stimpack  
  35  3:27  Marine x2  
  35  3:29  SCV  
  35  3:30  SCV  
  35  3:31  Supply Depot  
  40  3:38  Marauder  
  41  3:41  SCV  
  41  3:42  SCV  
  41  3:45  Refinery  
  41  3:47  Marauder  
  45  3:48  Marine  
  45  3:53  Marine, SCV  
  45  3:54  Supply Depot  
  48  3:56  SCV  
  48  3:59  Marauder  
  51  4:05  SCV  
  51  4:06  Marine  
  51  4:08  SCV  
  54  4:13  Supply Depot  
  54  4:16  Marine, Marauder  
  57  4:17  SCV  
  57  4:20  SCV  
  59  4:24  Marauder, Refinery  
  59  4:26  Combat Shield  
  59  4:30  SCV  
  62  4:35  Marine, SCV  
  62  4:37  Supply Depot  
  64  4:39  Marauder  
  64  4:43  SCV  
  67  4:46  Marauder  
  67  4:47  Marine  
  67  4:48  Refinery  
  67  4:51  Supply Depot  
  70  4:58  Marine, SCV x2  
  73  5:04  Factory  
  73  5:08  Marine x3  
  73  5:10  SCV  
  73  5:20  Marine  
  73  5:21  SCV  
  68  5:26  Marauder  
  68  5:28  SCV  
  66  5:31  Marine, Marauder  
  66  5:32  Engineering Bay  
  66  5:33  SCV, Supply Depot  
  64  5:38  Marine  
  64  5:41  SCV  
  62  5:45  SCV  
  62  5:47  Marine  
  62  5:49  Marine  
  64  5:52  Marauder  
  64  5:54  Starport  
  64  5:55  Factory Reactor, SCV  
  64  5:56  Marine  
  68  6:02  Terran Infantry Weapons Level 1  
  68  6:05  Marine, Supply Depot  
  68  6:06  Marine  
  67  6:13  Marine  
  67  6:15  Command Center  
  67  6:18  Marine  
  67  6:23  Marauder  
  70  6:32  Marine  
  73  6:33  Barracks  
  73  6:34  SCV x2  
  73  6:35  Barracks  
  73  6:36  Marine  
  73  6:39  Medivac x2  
  78  6:40  Factory Tech Lab  
  78  6:42  Marauder  
  78  6:44  Marine  
  81  6:50  Marine  
  81  6:52  SCV x2  
  84  6:58  Marine, Siege Tank, Supply Depot  
  88  7:02  Marine  
  88  7:03  Marine  
  88  7:04  SCV x2  
  92  7:09  Medivac x2  
  96  7:16  SCV  
  96  7:19  Marine x2  
  96  7:20  Marauder  
  96  7:21  Marauder, Supply Depot, SCV  
  104  7:24  Barracks Tech Lab, Barracks Reactor  
  104  7:27  Supply Depot  
  104  7:28  SCV  
  104  7:37  Marine x2  
  104  7:38  SCV  
  104  7:39  Viking, Siege Tank  
  104  7:42  Marauder, SCV  
  115  7:50  SCV  
  117  7:52  Orbital Command  
  117  7:55  Marine  
  117  7:57  Terran Infantry Armor Level 1  
  118  7:58  SCV  
  118  8:02  Marine  
  118  8:03  Marine, Marauder  
  116  8:06  Viking  
  116  8:10  Marine, SCV  
  116  8:11  Marauder, Siege Tank, SCV  
  116  8:21  Marine x2  
  116  8:22  SCV x2  
  116  8:23  Viking  
  116  8:24  Refinery  
  116  8:25  Supply Depot  
  116  8:26  SCV  
  121  8:29  Marine  
  121  8:30  Marine, Marauder  
  121  8:31  Marauder  
  121  8:34  Marauder, SCV  
  130  8:35  SCV  
  130  8:39  Ghost Academy  
  130  8:40  Marine  
  130  8:41  Refinery  
  131  8:44  Marine  
  131  8:47  Marine  
  131  8:48  Marine, Viking  
  122  8:51  Marauder  
  122  8:52  Marauder  
  122  8:53  Siege Tank  
  122  8:55  Marine  
  129  8:57  SCV  
  129  8:58  Marine  
  123  9:03  Marine  
  123  9:05  Marine  
  123  9:06  Marine  
  123  9:07  SCV  
  128  9:11  Supply Depot  
  128  9:13  Marauder x2, Ghost  
  128  9:16  Marine  
  136  9:21  Marine  
  136  9:23  Command Center  
  134  9:24  Marine, Supply Depot  
  138  9:34  Marauder  
  143  9:39  Supply Depot x2  
  143  9:42  Sensor Tower  
Tags
 
Add a new tag
Caveats
  • Supply blocks, unpowered buildings, or Contaminate may cause inaccurate times.
  • Supply counts are checked every 10 seconds.